AoeStats
← 忧郁帅哥

Arabia

510820508Analyzed
1v1 RM · 6h ago on Oct 2, 2026· 48m 12s· 2 players
Game mode
Random Map
Map size
Tiny (2 player)
Population
200
Speed
Normal
Resources
Standard
Victory
Conquest
Starting age
Dark Age
Ending age
Imperial Age
RankedLock teamsTeams togetherTeam positionsShared explorationLock speedFull tech treeHidden civsTurbo modeCheats
Victory
Defeat
🇨🇳 Portuguese · China
1769
+14
🇩🇪 Burmese · Germany
1718
-14
waggfe
5:36 Loom
8:37 Feudal Age
10:25 Horse Collar
18:39 Castle Age
17:12 Gold Mining
17:45 Bloodlines
20:35 Wheelbarrow
21:35 Gold Mining
24:56 Scale Barding Armor
32:54 Heavy Plow
33:04 Husbandry
38:25 Imperial Age
36:00 Town Watch
36:31 Stone Mining
37:18 Fletching
37:55 Hand Cart
37:08 Elite Skirmisher
37:30 Light Cavalry
38:07 Bodkin Arrow
39:04 Padded Archer Armor
40:20 Chemistry
39:21 Bracer
39:50 Hussar
41:16 Chain Barding Armor
41:22 Conscription
42:34 Plate Barding Armor
44:16 Pikeman
44:57 Squires
44:56 Halberdier
46:25 Scale Mail Armor
47:29 Chain Mail Armor
忧郁帅哥
6:29 Loom
8:47 Feudal Age
9:19 Double-Bit Axe
16:47 Town Watch
19:26 Castle Age
17:19 Horse Collar
18:51 Gold Mining
19:23 Fletching
19:45 Bloodlines
20:05 Bodkin Arrow
20:21 Bow Saw
22:40 Wheelbarrow
24:08 Ballistics
24:53 Husbandry
34:14 Imperial Age
33:59 Hand Cart
35:17 Bracer
36:23 Padded Archer Armor
36:29 Siege Engineers
37:27 Chemistry
37:30 Conscription
37:36 Scale Barding Armor
38:46 Chain Barding Armor
38:37 Forging
39:50 Two-Man Saw
40:39 Plate Barding Armor
40:40 Iron Casting
40:05 Light Cavalry
41:06 Siege Engineers
42:56 Cavalier
46:22 Blast Furnace
45:38 Leather Archer Armor
46:47 Thumb Ring
47:13 Ring Archer Armor
48:40 Masonry
48:26 Murder Holes
Connection lost

Rejoining the realm…

Still unreachable

The connection could not be restored.

Session expired

The server has moved on; the page needs a fresh start.